 Dungeon Crawl Stone Soup version 0.26-a0-64-g059e62fbdb (webtiles) character file.

Game seed: 16275511869160072691

54 bmfx the Poker (level 3, -10/19 HPs)
             Began as a Vine Stalker Abyssal Knight on June 11, 2020.
             Was a Believer of Lugonu.
             Killed by divine providence
             ... invoked by an orc priest
              (12 damage)
             ... on level 2 of the Dungeon.
             The game lasted 00:03:57 (2137 turns).

bmfx the Poker (Vine Stalker Abyssal Knight)        Turns: 2137, Time: 00:03:57

Health: -10/19     AC:  7    Str: 15    XL:     3   Next: 91%
Magic:  0/5        EV:  6    Int: 12    God:    Lugonu [**....]
Gold:   193        SH:  7    Dex: 13    Spells: 2/2 levels left

rFire    . . .     SeeInvis .   a - +1 spear
rCold    . . .     Gourm    .   i - +0 kite shield
rNeg     . . .     Faith    .   r - +0 scale mail
rPois    .         Spirit   +   (no helmet)
rElec    .         Reflect  .   h - +0 cloak
rCorr    .         Harm     .   (no gloves)
MR       .....                  (no boots)
Stlth    ..........             (no amulet)
HPRegen  0.06/turn              (no ring)
MPRegen  0.09/turn              (no ring)

@: no status effects
A: fangs 2, magic shield, antimagic bite, no potion heal 3, rot immunity
a: Depart the Abyss, Bend Space, Renounce Religion


You were on level 2 of the Dungeon.
You worshipped Lugonu.
Lugonu was pleased with you.
You were not hungry.

You visited 1 branch of the dungeon, and saw 3 of its levels.
You visited the Abyss 1 time.

You collected 193 gold pieces.


Innate Abilities, Weirdness & Mutations

You have extremely sharp teeth.
When hurt, damage is shared between your health and your magic reserves.
Your bite disrupts and absorbs the magic of your enemies.
Potions cannot restore your health.
You are immune to rotting.

Dungeon Overview and Level Annotations

Branches:
Dungeon (3/15)

Altars:
Kikubaaqudgha
Makhleb
Sif Muna


   Skills:
 - Level 2.6 Fighting
 + Level 3.7 Polearms
 - Level 1.5 Armour
 - Level 0.7 Dodging
 - Level 1.7 Invocations


You had 2 spell levels left.
You didn't know any spells.
Your spell library was empty.

Action                   || total
-------------------------++-------
Melee: Spear             ||   114
       Bite              ||    19
Throw: Stone             ||    14
Invok: Depart the Abyss  ||     1
  Eat: Ration            ||     1
Armor: Ring mail         ||    27
       Scale mail        ||     8
Dodge: Dodged            ||    28
Block: Kite shield       ||    12

Skill      XL: |  1  2 |
---------------+-------+-----
Polearms       | 2 3 |  3.7
Fighting       | |  2.6
Armour         | |  1.5
Dodging        | |  0.7
Invocations    | |  1.7

Inventory:

Hand Weapons
 a - a +1 spear (weapon)
Missiles
 e - 24 stones (quivered)
 q - 23 sling bullets
Armour
 h - a +0 cloak (worn)
 i - a +0 kite shield (worn)
 r - a +0 scale mail (worn)
Scrolls
 d - 2 scrolls of identify {unknown}
 k - 2 scrolls of remove curse {unknown}
 l - a scroll of amnesia {unknown}
 m - 2 scrolls of enchant weapon {unknown}
Potions
 b - a potion of haste {unknown}
 f - a potion of heal wounds {unknown}
 g - a potion of brilliance {unknown}
 j - a potion of flight {unknown}
 n - a potion of ambrosia {unknown}
 o - a potion of curing {unknown}
Comestibles
 c - 5 rations
 p - 5 chunks of flesh {@w1}

#.....# .# #.#.#.#
###.###### ###.#
##...## ####.####>.
..#.## ##o##
#.......#.# #....##
#.# #.#####.#.#
#.....# #.# #.# #.#.#
#...o########.# #.#
#.#.###o# #.[.o...#
#.#
#.......#####.#######
#.#####.#.##.@......#
#.......#.....#######
###############


You could see an orc priest.

Vanquished Creatures
  An ooze (D:1)
  A worm (D:2)
  A dart slug (D:1)
  2 leopard geckos
  4 orcs (D:2)
  A ball python (D:1)
  5 bats
  A giant cockroach (D:2)
  3 goblins (D:1)
  A hobgoblin (D:1)
  2 quokkas (D:2)
  6 frilled lizards
  6 kobolds
  3 rats (D:1)
37 creatures vanquished.

Levels and vault maps discovered:
D:1:      elethiomel_arrival_quiet, layout_basic, minmay_hexomino_r4
D:2:      layout_loops_corners, okawaru_altar_gauntlet_db,
          amethyst_overflow_temple_binary, first_ration
D:3:      layout_loops_cross, gup_sewer_entry_bowl, minmay_goblin_kobold_house,
          uniq_natasha


Message History

You reach to attack!
You closely miss the orc priest.
The orc priest calls down the wrath of Beogh upon you.
You barely resist.
Attack whom?
Press: ? - help, Dir - move target cursor, f/p - orc priest
Aim: an orc priest, wielding a +0 mace and wearing a +0 ring mail You reach to attack!
You hit the orc priest but do no damage.
The orc priest mumbles some strange prayers to Beogh against you.
Beogh smites you!
* * * LOW HITPOINT WARNING * * *
Attack whom?
Press: ? - help, Dir - move target cursor, f/p - orc priest
Aim: an orc priest, wielding a +0 mace and wearing a +0 ring mail You reach to attack!
You hit the orc priest.
The orc priest is heavily wounded.
The orc priest mumbles some strange prayers to Beogh against you.
Beogh smites you!
Ouch! That really hurt!
You die...

Notes
Turn   | Place    | Note
-------+----------+-------------------------------------------
     0 | Abyss:1  | bmfx the Vine Stalker Abyssal Knight began the quest for
                  | the Orb.
     0 | Abyss:1  | Reached XP level 1. HP: 11/11 MP: 3/3
    39 | Abyss:1  | Noticed a thrashing horror
    39 | Abyss:1  | Noticed a ynoxinul
    39 | Abyss:1  | Noticed a balrug
    39 | Abyss:1  | Noticed a storm dragon zombie
    40 | D:1      | Escaped the Abyss
   123 | D:1      | Reached skill level 2 in Polearms
   135 | D:1      | Reached * piety under Lugonu
   181 | D:1      | Reached XP level 2. HP: 16/16 MP: 4/4
   738 | D:1      | Reached skill level 3 in Polearms
   825 | D:1      | Reached XP level 3. HP: 19/19 MP: 5/5
  1107 | D:1      | Found a shimmering blue altar of Sif Muna.
  1856 | D:2      | Reached ** piety under Lugonu
  2041 | D:2      | Found an ancient bone altar of Kikubaaqudgha.
  2052 | D:2      | Found a burning altar of Makhleb.
  2137 | D:2      | Killed from afar by an orc priest
